 Dungeon Sprint DCSS version 0.19-a0-1831-gd4c818f (webtiles) character file.

12873 Groucho the Impaler (level 12, -7/72 HPs)
             Began as a Vine Stalker Fighter on Oct 8, 2016.
             Was the Champion of Makhleb.
             Mangled by Sonja
             ... wielding a +0 dagger of distortion
              (9 damage)
             ... in the Dungeon (Sprint IX: "|||||||||||||||||||||||||||||").
             The game lasted 00:07:47 (1759 turns).

Groucho the Impaler (Vine Stalker Fighter)          Turns: 1759, Time: 00:07:47

Health: -7/72      AC: 23    Str: 22    XL:     12   Next: 0%
Magic:  0/16       EV: 13    Int: 11    God:    Makhleb [******]
Gold:   1926       SH:  0    Dex: 16    Spells: 0 memorised, 11 levels left

rFire  . . .     SeeInvis .     q - +2 halberd of Domination {elec, rC+ Stlth+}
rCold  + . .     Gourm    .     l - +0 plate armour
rNeg   . . .     Faith    .     (shield currently unavailable)
rPois  .         Spirit   +     r - +0 helmet
rElec  .         Dismiss  .     y - +0 cloak
rCorr  .         Reflect  .     x - +0 pair of gloves
MR     +....     Harm     .     w - +0 pair of boots
Stlth  .......... NoTele   +    (no amulet)
                                u - +2 ring of protection
                                t - +3 ring of intelligence

@: slowed, very slow
A: fangs 3, regeneration 2, magic shield, antimagic bite, no device heal 3, rot
immunity
a: Minor Destruction, Lesser Servant of Makhleb, Major Destruction, Greater
Servant of Makhleb, Renounce Religion


You were in the Dungeon.
You worshipped Makhleb.
Makhleb was exalted by your worship.
You were not hungry.

You visited 1 branch You collected 1926 gold pieces.

Inventory:

Hand Weapons
 q - the +2 halberd of Domination (weapon) {elec, rC+ Stlth+}
   (You found it in the Dungeon)

   Occasionally, upon striking a foe, it will discharge some electrical energy
   and cause terrible harm.
   It protects you from cold.
   It makes you more stealthy.
Armour
 c - a +0 shield
 l - a +0 plate armour (worn)
 r - a +0 helmet (worn)
 w - a +0 pair of boots (worn)
 x - a +0 pair of gloves (worn)
 y - a +0 cloak (worn)
Jewellery
 t - a +3 ring of intelligence (left hand)
 u - a +2 ring of protection (right hand)
Wands
 p - a wand of iceblast (7/15)
Scrolls
 h - a scroll of fog
 k - 5 scrolls of enchant armour
 n - 4 scrolls of remove curse
 o - 2 scrolls of amnesia
 s - 2 scrolls of recharging
Potions
 a - a potion of brilliance
 e - 6 potions of curing
 g - 3 potions of heal wounds
 i - 4 potions of magic
 j - 2 potions of berserk rage
 m - a potion of invisibility
Comestibles
 b - 36 chunks of flesh
 d - 40 fruits
 f - 13 bread rations
 v - 12 meat rations


   Skills:
 * Level 12.7 Fighting
 * Level 15.7 Polearms
 * Level 11.6 Armour
 * Level 11.1 Dodging
 - Level 4.1 Shields
 + Level 4.6 Invocations


You had 11 spell levels left.
You didn't know any spells.

Dungeon Overview and Level Annotations

Branches:
Dungeon (1/1)

Altars:
Cheibriados
Dithmenos
Elyvilon
Fedhas
Gozag
Hepliaklqana
Kikubaaqudgha
Makhleb
Nemelex Xobeh
Okawaru
Qazlal
Ru
Sif Muna
Trog
Uskayaw
Vehumet
Xom
Yredelemnul
Zin
The Shining One
Beogh
Jiyva
Lugonu

Shops:
D %*[%

Annotations:
D Sonja


Innate Abilities, Weirdness & Mutations

You have razor-sharp teeth.
You heal very quickly.
When hurt, damage is shared between your health and your magic reserves.
Your bite disrupts and absorbs the magic of your enemies.
Potions and wands cannot restore your health.
You are immune to rotting.


Message History

Space bends around you. Sonja hits you but does no damage.
Space warps horribly around you!
* * * LOW HITPOINT WARNING * * *
Unknown command.
You are too injured to fight recklessly!
Unknown command.
You are too injured to fight recklessly!
Unknown command.
You are too injured to fight recklessly!
You miss Sonja. Your bite misses Sonja.
You feel sick. Sonja closely misses you. Sonja hits you but does no damage.
Space warps horribly around you!
* * * LOW HITPOINT WARNING * * *
Sonja misses you.
Okay, then.
Your system rejects the healing.
You feel better.
Sonja shouts, "Hah!
Missed me again!"
Sonja closely misses you. Sonja misses you. Sonja hits you but does no damage.
Space warps horribly around you!
You die...

▓▓▓▓▓▓▓▓▓▓▓▓▓▓▓▓▓▓▓▓▓▓▓▓
......K@.(((............
▓▓▓▓▓▓▓▓▓▓▓▓▓▓▓▓▓▓▓▓▓▓▓▓▓▓▓▓▓▓▓▓▓
.........)))))..)).....)))....)..
▓▓▓▓▓▓▓▓▓▓▓▓▓▓▓▓▓▓▓▓▓▓▓▓▓▓▓▓▓▓▓▓▓
..........................)).....
▓▓▓▓▓▓▓▓▓▓▓▓▓▓▓▓▓▓▓▓▓▓▓▓▓▓▓▓▓▓▓▓▓
...'.....(:......'..÷....%.%.....
▓▓▓▓▓▓▓▓▓▓▓▓▓▓▓▓▓▓▓▓▓▓▓▓▓▓▓▓▓▓▓▓▓
.................................


You could see Sonja.

Vanquished Creatures
  Josephine (D)
  A hydra (D)
  2 ogre magi (D)
  An orc knight (D)
  2 cyclopes (D)
  An elephant (D)
  A black mamba (D)
  Maurice (D)
  2 spiny frogs (D)
  2 komodo dragons (D)
  6 polar bears (D)
  6 two-headed ogres (D)
  A hippogriff (D)
  2 blink frogs (D)
  3 wraiths (D)
  A yak (D)
  Grum (D)
  3 porcupines (D)
  14 orc warriors (D)
  2 ice beasts (D)
  2 black bears (D)
  6 ogres (D)
  A centaur (D)
  4 wolves (D)
  2 crocodiles (D)
  A bullfrog (D)
  A quasit (D)
  5 orc priests (D)
  An iguana (D)
  3 orc wizards (D)
  2 worker ants (D)
  7 orcs (D)
  A bat (D)
  A giant cockroach (D)
  2 jackals (D)
  A kobold (D)
  A frilled lizard (D)
  A rat (D)
95 creatures vanquished.

Notes
Turn   | Place    | Note
-------+----------+-------------------------------------------
     0 | D        | Groucho the Vine Stalker Fighter began the quest for the Orb.
     0 | D        | Reached XP level 1. HP: 11/11 MP: 2/2
    12 | D        | Reached skill level 2 in Polearms
   209 | D        | Noticed an iguana
   209 | D        | Noticed an orc wizard
   213 | D        | Reached XP level 2. HP: 9/16 MP: 1/3
   224 | D        | Reached skill level 3 in Polearms
   224 | D        | Reached XP level 3. HP: 9/20 MP: 4/4
   256 | D        | Reached skill level 4 in Polearms
   256 | D        | Gained mutation: Your natural rate of healing is unusually fast. [Vine Stalker growth]
   256 | D        | Reached XP level 4. HP: 6/25 MP: 5/5
   270 | D        | Found a roughly hewn altar of Beogh.
   270 | D        | Found a snail-covered altar of Cheibriados.
   270 | D        | Found a shadowy altar of Dithmenos.
   270 | D        | Found a white marble altar of Elyvilon.
   270 | D        | Found a blossoming altar of Fedhas.
   270 | D        | Found an opulent altar of Gozag.
   271 | D        | Found a hazy altar of Hepliaklqana.
   272 | D        | Found a viscous altar of Jiyva.
   273 | D        | Found an ancient bone altar of Kikubaaqudgha.
   274 | D        | Found a corrupted altar of Lugonu.
   275 | D        | Found a burning altar of Makhleb.
   276 | D        | Found a sparkling altar of Nemelex Xobeh.
   277 | D        | Found an iron altar of Okawaru.
   278 | D        | Found a stormy altar of Qazlal.
   279 | D        | Found a sacrificial altar of Ru.
   280 | D        | Found a deep blue altar of Sif Muna.
   281 | D        | Found a bloodstained altar of Trog.
   282 | D        | Found a hide-covered altar of Uskayaw.
   283 | D        | Found a radiant altar of Vehumet.
   284 | D        | Found a shimmering altar of Xom.
   285 | D        | Found a basalt altar of Yredelemnul.
   291 | D        | Became a worshipper of Makhleb the Destroyer
   295 | D        | Found a glowing silver altar of Zin.
   296 | D        | Found a glowing golden altar of the Shining One.
   314 | D        | Got the +2 halberd of Domination {elec, rC+ Stlth+}
   347 | D        | Noticed a centaur
   347 | D        | Noticed an orc warrior
   347 | D        | Noticed an ice beast
   347 | D        | Noticed an ice beast
   347 | D        | Noticed an orc warrior
   356 | D        | Reached skill level 5 in Polearms
   356 | D        | Reached skill level 1 in Dodging
   360 | D        | Killed a centaur
   360 | D        | Reached skill level 5 in Fighting
   360 | D        | Reached skill level 6 in Polearms
   360 | D        | Reached XP level 5. HP: 25/30 MP: 4/6
   364 | D        | Killed an orc warrior
   364 | D        | Reached * piety under Makhleb
   364 | D        | Reached skill level 7 in Polearms
   364 | D        | Reached skill level 5 in Armour
   364 | D        | Reached XP level 6. HP: 12/36 MP: 3/7
   367 | D        | Killed an ice beast
   367 | D        | Reached skill level 8 in Polearms
   368 | D        | HP: 1/36 [orc warrior/glaive (14)]
   572 | D        | Killed an ice beast
   572 | D        | Reached XP level 7. HP: 41/41 MP: 8/8
   574 | D        | Reached ** piety under Makhleb
   635 | D        | Noticed a cyclops
   635 | D        | Noticed a cyclops
   635 | D        | Noticed a two-headed ogre
   643 | D        | Reached skill level 9 in Polearms
   643 | D        | Reached skill level 5 in Dodging
   644 | D        | HP: 2/42 [cyclops/large rock (24)]
   713 | D        | Killed a cyclops
   713 | D        | Reached skill level 10 in Polearms
   713 | D        | Gained mutation: You have razor-sharp teeth. [Vine Stalker growth]
   713 | D        | Reached XP level 8. HP: 27/47 MP: 4/9
   718 | D        | Killed a cyclops
   738 | D        | Reached *** piety under Makhleb
   745 | D        | Killed a two-headed ogre
   745 | D        | Reached skill level 11 in Polearms
   877 | D        | Identified Wouqoirr's Papyrus of Changing and Dark Secrets (You found it in the Dungeon)
   887 | D        | Noticed a komodo dragon
   887 | D        | Noticed a komodo dragon
   887 | D        | Noticed a blink frog
   894 | D        | Reached XP level 9. HP: 48/52 MP: 7/10
   897 | D        | Killed a komodo dragon
   899 | D        | Killed a komodo dragon
   899 | D        | Reached **** piety under Makhleb
   902 | D        | Reached skill level 12 in Polearms
   915 | D        | Noticed a black mamba
   917 | D        | Reached ***** piety under Makhleb
   921 | D        | Killed a black mamba
   941 | D        | Noticed an elephant
   941 | D        | Noticed a five-headed hydra
   944 | D        | Noticed a spiny frog
   951 | D        | Noticed a spiny frog
   951 | D        | Killed an elephant
   951 | D        | Reached skill level 10 in Fighting
   951 | D        | Reached skill level 13 in Polearms
   951 | D        | Reached XP level 10. HP: 59/59 MP: 11/11
   956 | D        | Killed a nine-headed hydra
   977 | D        | Killed a spiny frog
   977 | D        | Reached ****** piety under Makhleb
   981 | D        | Killed a spiny frog
   981 | D        | Reached skill level 14 in Polearms
  1013 | D        | Reached skill level 10 in Armour
  1032 | D        | Reached XP level 11. HP: 65/65 MP: 12/12
  1069 | D        | Noticed Maurice
  1075 | D        | Killed Maurice
  1075 | D        | Reached skill level 1 in Invocations
  1166 | D        | Noticed Josephine
  1171 | D        | Noticed Grum
  1175 | D        | Killed Josephine
  1186 | D        | Reached skill level 10 in Dodging
  1189 | D        | Killed Grum
  1251 | D        | Noticed an orc knight
  1274 | D        | Killed an orc knight
  1274 | D        | Reached skill level 15 in Polearms
  1597 | D        | Found Ecroissa's Food Emporium.
  1597 | D        | Noticed an ogre mage
  1597 | D        | Noticed an ogre mage
  1602 | D        | Killed an ogre mage
  1604 | D        | Killed an ogre mage
  1622 | D        | Found Line Fum's General Store.
  1635 | D        | Found Katieb's Antique Armour Emporium.
  1639 | D        | Found Rech's Food Shoppe.
  1655 | D        | Gained mutation: You heal very quickly. [Vine Stalker growth]
  1655 | D        | Reached XP level 12. HP: 72/72 MP: 16/16
  1751 | D        | Noticed Sonja
  1758 | D        | HP: 1/72 [Sonja/uncursed dagger of distortion (15)]
  1759 | D        | Mangled by Sonja

Vault maps used:
D:        linesprint

Skill      XL: |  1  2  3  4  5  6  7  8  9 10 11 |
---------------+----------------------------------+-----
Fighting       | 3 4 5 6 7 8 10 11 12 | 12.7
Polearms       | 2 3 4 6 7 8 10 11 13 14 15 | 15.7
Shields        | 3 4 |  4.1
Armour         | 3 4 5 6 7 9 10 11 | 11.6
Dodging        | 2 3 4 5 6 8 9 11 | 11.1
Invocations    | 4 |  4.6

Action                   |  1- 3 |  4- 6 |  7- 9 | 10-12 || total
-------------------------+-------+-------+-------+-------++-------
Melee: Trident           |    49 |       |       |       ||    49
       Bite              |    12 |     4 |    15 |    57 ||    88
       Halberd           |       |    28 |    63 |   209 ||   300
  Use: Scroll            |       |     1 |     1 |       ||     2
       Potion            |       |       |     3 |     1 ||     4
  Eat: Chunk             |       |       |     1 |     2 ||     3
Armor: Scale mail        |    24 |    28 |       |       ||    52
       Plate armour      |       |       |    21 |    75 ||    96
Dodge: Dodged            |    12 |    27 |    15 |    83 ||   137
Block: Shield            |    11 |       |       |       ||    11
